 Dungeon Crawl Stone Soup version 0.17-a0-1093-g0b3cd89 (webtiles) character file.

29 Perunarutto the Firebug (level 3, 0/24 HPs)
             Began as a Demonspawn Fire Elementalist on May 20, 2015.
             Succumbed to a kobold's poison
             ... on level 1 of the Dungeon.
             The game lasted 00:13:36 (845 turns).

Perunarutto the Firebug (DsFE)                       Turns: 845, Time: 00:13:37

Health: 0/24       AC:  2    Str:  8    XL:     3   Next: 1%
Magic:  3/6        EV: 12    Int: 17    God:
Gold:   10         SH:  0    Dex: 13    Spells: 2 memorised, 3 levels left

rFire  . . .     SeeInvis .     h - +0 short sword
rCold  + . .     Clarity  .     a - +0 robe
rNeg   . . .     SustAb   .     (no shield)
rPois  .         Gourm    .     (no helmet)
rElec  .         Spirit   .     (no cloak)
rCorr  .         Warding  .     (no gloves)
rMut   .         Stasis   .     (no boots)
MR     .....                    (no amulet)
Stlth  ++........               (no ring)
                                (no ring)

@: lethally poisoned (0 -> -1), very slightly contaminated, hasted, very quick,
not resistant to hostile enchantments, unstealthy
A: cold resistance 1, mutation resistance 1, powered by pain 1
a: no special abilities


You were on level 1 of the Dungeon.
You were not hungry.

You visited 1 branch of the dungeon, and saw 1 of its levels.

You collected 10 gold pieces.

Inventory:

Hand weapons
 h - a +0 short sword (weapon)
 k - a +2 short sword of venom
Armour
 a - a +0 robe (worn)
Scrolls
 e - a scroll of enchant armour
 f - a scroll of fear
 g - a scroll of teleportation {unknown}
 i - a scroll of amnesia {unknown}
 l - 2 scrolls of noise {unknown}
Potions
 j - a potion of flight
Books
 b - a book of Flames

   Spells                             Type                      Level
   a - Flame Tongue                   Conjuration/Fire             1
   b - Throw Flame                    Conjuration/Fire             2
   c - Conjure Flame                  Conjuration/Fire             3
   d - Inner Flame                    Hexes/Fire                   3
   e - Sticky Flame                   Conjuration/Fire             4
   f - Fireball                       Conjuration/Fire             5
Comestibles
 c - a bread ration


   Skills:
 + Level 2.1 Dodging
 + Level 1.8 Stealth
 + Level 2.4 Spellcasting
 + Level 1.0 Conjurations
 + Level 3.1 Fire Magic


You had 3 spell levels left.
You knew the following spells:

 Your Spells              Type           Power        Failure   Level  Hunger
a - Flame Tongue          Conj/Fire      #....        10%         1    #......
b - Throw Flame           Conj/Fire      #.....       14%         2    ##.....


Dungeon Overview and Level Annotations

Branches:
Dungeon (1/15)

Altars:


Innate Abilities, Weirdness & Mutations

Your flesh is cold resistant.
You sometimes gain a little power by taking damage.
You are somewhat resistant to further mutation.


Message History

* * * LOW HITPOINT WARNING * * *
You feel sick.
* * * LOW HITPOINT WARNING * * *
You feel sick.
* * * LOW HITPOINT WARNING * * *
You feel sick.
* * * LOW HITPOINT WARNING * * *
You feel sick.
* * * LOW HITPOINT WARNING * * *
You feel sick.
* * * LOW HITPOINT WARNING * * *
You feel sick.
* * * LOW HITPOINT WARNING * * *
You feel sick.
Drink which item? (? for menu, Esc to quit)
It was a potion of haste.
You feel yourself speed up.
You are very lightly contaminated with residual magic.
* * * LOW HITPOINT WARNING * * *
You feel sick.
You die...

#.......## #.#
##.......# #.#
.........# #.#
###......# #.#
....#...## #.#
###'##### #.#
##...## #.# #.....##
##.###### .......##
#.@.....# ........#
#.......##.#
........'..........#
........####.......#
.......## #.......#
#.....## #.......#
##...## #........
##+## #.......##


There were no monsters in sight!

Vanquished Creatures
  A gnoll (D:1)
  A ball python (D:1)
  A goblin (D:1)
  4 hobgoblins (D:1)
  2 jackals (D:1)
  3 kobolds (D:1)
  2 bats (D:1)
  2 giant cockroaches (D:1)
  A giant newt (D:1)
17 creatures vanquished.

Notes
Turn   | Place    | Note
--------------------------------------------------------------
     0 | D:1      | Perunarutto the Demonspawn Fire Elementalist began the quest for the Orb.
     0 | D:1      | Reached XP level 1. HP: 13/13 MP: 3/3
   286 | D:1      | Gained mutation: Your flesh is cold resistant. [demonic ancestry]
   286 | D:1      | Reached XP level 2. HP: 4/19 MP: 0/5
   550 | D:1      | Learned a level 2 spell: Throw Flame
   630 | D:1      | Reached skill level 3 in Fire Magic
   693 | D:1      | Gained mutation: You are somewhat resistant to further mutation. [potion of mutation]
   816 | D:1      | Gained mutation: You sometimes gain a little power by taking damage. [demonic ancestry]
   816 | D:1      | Reached XP level 3. HP: 8/24 MP: 0/6
   833 | D:1      | HP: 1/24 [poisoned by a kobold]
   839 | D:1      | HP: 1/24 [poisoned by a kobold]
   845 | D:1      | Succumbed to a kobold's poison

Vault maps used:
D:1:      shiori_shiawase

Action                   || total
-------------------------++-------
Melee: Unarmed           ||     8
       Short sword       ||     4
 Cast: Flame Tongue      ||    25
       Throw Flame       ||     2
  Use: Scroll            ||     4
       Potion            ||     2
